 Dungeon Crawl Stone Soup version 0.16.1-18-g436b03c (webtiles) character file.

130 jacksonaction the Ruffian (level 4, 3/35 HPs)
             Began as a Draconian Transmuter on Apr 26, 2015.
             Quit the game on level 3 of the Dungeon.
             The game lasted 00:08:49 (2020 turns).

jacksonaction the Ruffian (Draconian Transmuter)    Turns: 2020, Time: 00:08:49

Health: 3/35       AC:  5    Str: 12    XL:     4   Next: 90%
Magic:  7/7        EV: 12    Int: 15    God:
Gold:   127        SH:  0    Dex: 11    Spells: 2 memorised, 3 levels left

rFire  . . .     SeeInvis .       - Unarmed
rCold  . . .     Clarity  .     (armour unavailable)
rNeg   . . .     SustAb   .     (no shield)
rPois  .         Gourm    .     (helmet restricted)
rElec  .         Spirit   .     (no cloak)
rCorr  .         Warding  .     (no gloves)
rMut   .         Stasis   .     (no boots)
MR     .....                    (no amulet)
Stlth  +.........               (no ring)
                                (no ring)

@: not resistant to hostile enchantments, very unstealthy
A: unfitting armour, cold-blooded, AC +5
a: no special abilities


You were on level 3 of the Dungeon.
You were not hungry.

You visited 1 branch of the dungeon, and saw 3 of its levels.

You collected 127 gold pieces.

Inventory:

Missiles
 b - 3 throwing nets (quivered)
 c - 8 stones
 e - 42 poisoned needles
Jewellery
 i - an uncursed ring of sustain abilities {unknown}
Scrolls
 f - a scroll of noise {unknown}
 h - a scroll of amnesia {unknown}
 j - 3 scrolls of teleportation {unknown}
 k - a scroll of recharging {unknown}
 n - a scroll of remove curse {unknown}
 o - a scroll of magic mapping {unknown}
 p - a scroll of immolation {unknown}
Potions
 l - a potion of curing {unknown}
 m - a potion of invisibility {unknown}
 q - a potion of magic {unknown}
 r - a potion of restore abilities {unknown}
Books
 d - a book of Changes

   Spells                             Type                      Level
   a - Beastly Appendage              Transmutation                1
   b - Sticks to Snakes               Transmutation                2
   c - Spider Form                    Transmutation/Poison         3
   d - Ice Form                       Ice/Transmutation            4
   e - Blade Hands                    Transmutation                5
Comestibles
 a - 4 bread rations
 g - 2 fruits


   Skills:
 - Level 1.1 Fighting
 - Level 1.7 Dodging
 + Level 4.3 Unarmed Combat
 - Level 2.0 Spellcasting
 + Level 4.0 Transmutations


You had 3 spell levels left.
You knew the following spells:

 Your Spells              Type           Power        Failure   Level  Hunger
a - Beastly Appendage     Trmt           ##....       4%          1    #......
b - Spider Form           Trmt/Pois      #.........   30%         3    ###....


Dungeon Overview and Level Annotations

Branches:
Dungeon (3/15)

Altars:

Annotations:
D:3 HiImDin's ghost, average HESk


Innate Abilities, Weirdness & Mutations

Your plain brown scales are hard (AC +5).
Your body does not fit into most forms of armour.
Your cold-blooded metabolism reacts poorly to cold.


Message History

Your transformation is almost over.
HiImDin's ghost closely misses you.
You hit HiImDin's ghost.
HiImDin's ghost is lightly damaged.
HiImDin's ghost hits you.
You hit HiImDin's ghost but do no damage.
You headbutt HiImDin's ghost, but do no damage.
HiImDin's ghost is lightly damaged.
HiImDin's ghost hits you.
You hit HiImDin's ghost but do no damage.
You tail-slap HiImDin's ghost.
HiImDin's ghost is moderately damaged.
HiImDin's ghost hits you!
* * * LOW HITPOINT WARNING * * *
HiImDin's ghost hits you.
* * * LOW HITPOINT WARNING * * *
There is an open door here.
Your horns disappear.
There is an open door here.
Are you sure you want to abandon this character and quit the game? (Confirm with "yes".)

#.# #.# #.# #.#
#.# #.# #.#
########
#.####......#####
#....'†.....@.W.#
######......###.#
#......# #.# . .
#......# #.#
....# #......#
#.# ....#
######## #.#
....# #.# ....
###'###'##
#........#


You could see HiImDin's ghost.

Vanquished Creatures
  Jessica (D:2)
  2 gnolls (D:1)
  3 adders
  3 worms
  A giant gecko (D:3)
  2 oozes
  An orc (D:3)
  5 bats
  2 giant cockroaches (D:2)
  8 hobgoblins
  4 jackals (D:2)
  6 kobolds
  A quokka (D:2)
  A giant newt (D:2)
  4 goblins
  5 rats
49 creatures vanquished.

Notes
Turn   | Place    | Note
--------------------------------------------------------------
     0 | D:1      | jacksonaction, the Draconian Transmuter, began the quest for the Orb.
     0 | D:1      | Reached XP level 1. HP: 16/16 MP: 3/3
    30 | D:1      | Reached XP level 2. HP: 5/23 MP: 2/4
   653 | D:1      | Reached XP level 3. HP: 28/28 MP: 6/6
   658 | D:1      | Learned a level 3 spell: Spider Form
  1304 | D:2      | Reached XP level 4. HP: 32/35 MP: 7/7
  1352 | D:2      | Noticed Jessica
  1360 | D:2      | Killed Jessica
  1360 | D:2      | Reached skill level 4 in Unarmed Combat
  1993 | D:3      | Noticed HiImDin's ghost (average HESk)
  2020 | D:3      | Quit the game

Action                   |  1- 3 |  4- 6 || total
-------------------------+-------+-------++-------
Melee: Unarmed           |   129 |    48 ||   177
 Cast: Beastly Appendage |     5 |     1 ||     6
       Spider Form       |     2 |     4 ||     6
 Stab: Sleeping          |     1 |       ||     1
  Eat: Chunk             |     2 |     3 ||     5
